 Dungeon Crawl Stone Soup version 0.25-a0-733-gf7d8cd8a05 (webtiles) character file.

Game seed: 9846785536110810217, levelgen mode: deterministic

190 kae the Insei (level 5, -3/40 HPs)
             Began as a Draconian Transmuter on Apr 9, 2020.
             Slain by an orc priest
             ... wielding a +0 hand axe
              (5 damage)
             ... on level 3 of the Dungeon.
             The game lasted 00:02:42 (2723 turns).

kae the Insei (Draconian Transmuter)                Turns: 2723, Time: 00:02:43

Health: -3/40      AC:  7    Str: 12    XL:     5   Next: 41%
Magic:  2/9        EV: 12    Int: 14    God:
Gold:   78         SH:  0    Dex: 12    Spells: 4/10 levels left

rFire    + . .     SeeInvis .   f - +0 whip
rCold    + . .     Gourm    .   (no shield)
rNeg     . . .     Faith    .   (armour unavailable)
rPois    +         Spirit   .   h - +2 hat
rElec    +         Reflect  .   i - scarf {cloud immunity}
rCorr    +         Harm     .   (no gloves)
MR       .....                  (no boots)
Stlth    +.........             (no amulet)
HPRegen  0.13/turn              (no ring)
MPRegen  0.11/turn              (no ring)

@: resistant, very slightly contaminated
A: unfitting armour, cold-blooded, AC +5
a: no special abilities


You were on level 3 of the Dungeon.
You were not hungry.

You visited 1 branch of the dungeon, and saw 3 of its levels.

You collected 78 gold pieces.

Inventory:

Hand Weapons
 f - a +0 whip (weapon)
Missiles
 a - 52 arrows
Armour
 h - a +2 hat (worn)
 i - a scarf of cloud immunity (worn)
Jewellery
 e - an uncursed ring of protection from cold
Potions
 b - 2 potions of brilliance
 g - a potion of stabbing
Comestibles
 c - 9 rations


   Skills:
 - Level 1.1 Fighting
 - Level 1.7 Dodging
 * Level 4.8 Unarmed Combat
 + Level 3.1 Spellcasting
 + Level 3.2 Transmutations


You had 4 spell levels left.
You knew the following spells:

 Your Spells              Type           Power        Failure   Level  Hunger
a - Beastly Appendage     Tmut           ##....       5%          1    #......
b - Sticks to Snakes      Tmut           ##......     9%          2    ##.....
c - Spider Form           Tmut/Pois      #.........   32%         3    ###....

Your spell library contained the following spells:

 Spells                   Type           Power        Failure   Level  Hunger
 Ice Form                 Ice/Tmut       #.......     71%         4    #####..
 Blade Hands              Tmut           ##........   83%         5    ######.


Dungeon Overview and Level Annotations

Branches:
Dungeon (3/15)

Altars:
Cheibriados
Xom


Innate Abilities, Weirdness & Mutations

Your plain brown scales are hard. (AC +5)
You cannot fit into any form of body armour.
You are cold-blooded and may be slowed by cold attacks.


Message History

You miscast Spider Form.
Waves of light ripple over your body. The orc hits you but does no damage.
The orc priest looks satisfied for a moment.
Casting: Spider Form (safe; 32% risk of failure)
Confirm with . or Enter, or press ? or * to list all spells.
You don't have enough magic to cast that spell.
You hit the orc priest.
The orc priest is moderately wounded.
The orc barely misses you.
The orc priest hits you with a +0 hand axe.
* * * LOW HITPOINT WARNING * * *
You barely miss the orc priest.
Your tail-slap misses the orc priest.
Your punch misses the orc priest.
The orc priest is moderately wounded.
The orc hits you but does no damage. The orc priest misses you.
The orc barely misses you.
You barely miss the orc priest.
The orc priest is moderately wounded.
The orc priest hits you with a +0 hand axe.
You die...

###.#########............#.##
#.# #.####.####...... #.# #.#
..... #....#. #.#
#.#.......#....#. #.#
#.#.......#.#....
#####(#########....._..).....##
#......(........# ....#...>#
##.##.########..# ..#....# #
#.# #@.# .. #....# ._.
#####oo####.## #. .## ≈.≈#
#.)))?....... .≈≈^.
#.########### #≈♣#.♣. # ...._


You could see an orc priest and an orc.

Vanquished Creatures
  A bullfrog skeleton (D:2)
  An orc priest (D:3)
  4 adders
  A howler monkey skeleton (D:2)
  2 dart slugs (D:1)
  3 leopard geckos
  2 orcs (D:3)
  12 bats
  6 giant cockroaches
  9 goblins
  8 hobgoblins
  7 jackals
  A quokka (D:2)
  3 frilled lizards
  5 kobolds
  8 rats
73 creatures vanquished.

Notes
Turn   | Place    | Note
-------+----------+-------------------------------------------
     0 | D:1      | kae the Draconian Transmuter began the quest for the Orb.
     0 | D:1      | Reached XP level 1. HP: 16/16 MP: 3/3
    94 | D:1      | Reached XP level 2. HP: 10/23 MP: 3/5
   511 | D:1      | Reached XP level 3. HP: 23/28 MP: 4/6
  1286 | D:2      | Reached skill level 4 in Unarmed Combat
  1286 | D:2      | Reached XP level 4. HP: 17/35 MP: 5/7
  1493 | D:2      | Learned a level 2 spell: Sticks to Snakes
  1497 | D:2      | Learned a level 3 spell: Spider Form
  2154 | D:2      | Reached XP level 5. HP: 40/40 MP: 7/9
  2599 | D:3      | Found a snail-covered altar of Cheibriados.
  2663 | D:3      | Found a shimmering altar of Xom.
  2667 | D:3      | Found a shimmering altar of Xom.
  2701 | D:3      | HP: 1/40 [orc/+0 trident (7)]
  2717 | D:3      | HP: 2/40 [orc (5)]
  2723 | D:3      | Slain by an orc priest

Levels and vault maps discovered:
D:1:      mrwooster_arrival_statue_3, layout_basic, minmay_crystal_water
D:2:      layout_basic
D:3:      layout_basic, nicolae_overflow_crystal_walls, old_standard_altar,
          lemuel_coloured_pillars_altar, first_ration, xom_redecorated,
          uniq_grinder

Skill      XL: |  1  2  3  4  5 |
---------------+----------------+-----
Unarmed Combat | 4 |  4.8
Transmutations | 3 |  3.2
Spellcasting   | 3 |  3.1
Fighting       | |  1.1
Dodging        | |  1.7

Action                   |  1- 3 |  4- 6 || total
-------------------------+-------+-------++-------
Melee: Unarmed           |    47 |     6 ||    53
       Tailslap          |    14 |     9 ||    23
       Kick              |    17 |     6 ||    23
       Whip              |   117 |   116 ||   233
       Headbutt          |     5 |     4 ||     9
       Punch             |     3 |     2 ||     5
 Cast: Beastly Appendage |    22 |    24 ||    46
       Spider Form       |       |     1 ||     1
  Use: Scroll            |     4 |       ||     4
       Potion            |       |     2 ||     2
  Eat: Chunk             |     2 |     5 ||     7
Armor: Skin              |    84 |    41 ||   125
Dodge: Dodged            |   140 |   122 ||   262

Table legend:
 A = Non-vault XP
 B = Vault XP
 C = Vault XP percentage of total XP
 D = Non-vault monster count
 E = Vault monster count
 F = Vault count percentage of total count
                 A         B        C        D         E       F
            +---------+---------+-------+---------+---------+-------
      Total |     272 |       0 |   0.0 |      73 |       0 |   0.0
            +---------+---------+-------+---------+---------+-------
        D:1 |      60 |       0 |   0.0 |      33 |       0 |   0.0
        D:2 |     145 |       0 |   0.0 |      31 |       0 |   0.0
        D:3 |      67 |       0 |   0.0 |       9 |       0 |   0.0
            +---------+---------+-------+---------+---------+-------
